 Dungeon Crawl Stone Soup version 0.29.0-4-gdea44cf6ec (webtiles) character file.

Game seed: 4823658863864494394

5022 qw the Grappler (level 10, -9/96 HPs)
             Began as a Troll Cinder Acolyte on Aug 31, 2022.
             Was an Initiate of Ignis.
             Mangled by a two-headed ogre
             ... wielding a +0 giant club
              (16 damage)
             ... on level 8 of the Dungeon.
             The game lasted 00:04:00 (6558 turns).

qw the Grappler (Troll Cinder Acolyte)              Turns: 6558, Time: 00:04:00

Health: -9/96      AC: 13    Str: 28    XL:     10   Next: 30%
Magic:  10/10      EV:  9    Int: 10    God:    Ignis [......]
Gold:   420        SH:  0    Dex:  5    Spells: 11/11 levels left

rFire   + . .      SeeInvis .     - Unarmed
rCold   . . .      Faith    .   (no shield)
rNeg    . . .      Spirit   .   a - +0 robe
rPois   .          Reflect  .   (helmet restricted)
rElec   .          Harm     .   n - +1 cloak
rCorr   .          Rampage  .   (gloves unavailable)
Will    .....                   (boots unavailable)
Stlth   +.........              b - amulet of the acrobat
HPRegen 1.06/turn               (no ring)
MPRegen 0.12/turn               (no ring)

@: about to teleport, fiery-armoured
A: large, unfitting armour, claws 3, regeneration 1, shaggy fur 1, tough skin 1
a: Renounce Religion, Rising Flame


You were on level 8 of the Dungeon.
You worshipped Ignis.
Ignis was noncommittal.
You visited 1 branch of the dungeon, and saw 8 of its levels.

You collected 420 gold pieces.


Innate Abilities, Weirdness & Mutations

You are too large for most types of armour.
You have claws for hands.
Your natural rate of healing is unusually fast.
You are covered in fur. (AC +1)
You have tough skin. (AC +1)


   Skills:
 - Level 5.0 Fighting
 - Level 3.2 Throwing
 - Level 1.1 Armour
 - Level 1.2 Dodging
 + Level 13.7 Unarmed Combat
 - Level 1.0 Spellcasting
 - Level 2.1 Fire Magic


You had 11 spell levels left.
You didn't know any spells.
Your spell library contained the following spells:

 Spells                   Type           Power      Damage    Failure   Level
 Scorch                   Fire           8%         2d5       22%         2

Inventory:

Missiles
 c - 4 boomerangs (quivered)
Armour
 a - a +0 robe (worn)
 n - a +1 cloak (worn)
Jewellery
 b - an amulet of the acrobat (around neck)
 g - a +6 ring of intelligence
 h - an amulet of guardian spirit
 m - an amulet of regeneration
Scrolls
 d - 6 scrolls of identify
Potions
 e - 2 potions of resistance
 i - a potion of flight {unknown}
 j - 3 potions of curing
 l - a potion of haste

Dungeon Overview and Level Annotations

Branches:
Dungeon (8/15)             Temple (0/1) D:5
   Lair: D:8-11

Altars:
Dithmenos
Elyvilon
Nemelex Xobeh
Okawaru
Qazlal
Ru

Shops:
D:6 :

Annotations:
D:3 1 runed translucent door, Crazy Yiuf


Message History

The two-headed ogre is burned by your cloak of flames.
The two-headed ogre is lightly wounded.
You feel sick.
You are no longer poisoned.
6552 ||| Stepping ~*~*~tactically~*~*~ (outnumbered).
The kobold brigand attacks as you move away!
The kobold brigand misses you.
The kobold brigand throws a poisoned dart.
The poisoned dart closely misses you.
You mangle the two-headed ogre!!
The two-headed ogre is heavily wounded.
The two-headed ogre hits you with a +0 giant club!!
The two-headed ogre is burned by your cloak of flames.
The two-headed ogre is severely wounded.
The two-headed ogre hits you with a +0 giant spiked club.
The two-headed ogre is burned by your cloak of flames.
The two-headed ogre is severely wounded.
6554 ||| READING scroll of teleportation.
As you read the scroll of teleportation, it crumbles to dust.
You feel strangely unstable.
The kobold brigand hits you with a +0 short sword.
The kobold brigand is burned by your cloak of flames.
The kobold brigand is lightly wounded.
6555 ||| Stepping ~*~*~tactically~*~*~ (outnumbered).
The two-headed ogre attacks as you move away!
The two-headed ogre completely misses you.
The two-headed ogre hits you but does no damage.
The two-headed ogre is burned by your cloak of flames.
The two-headed ogre is severely wounded.
6556 ||| Stepping ~*~*~tactically~*~*~ (outnumbered).
The two-headed ogre attacks as you move away!
The two-headed ogre completely misses you. x2
The kobold brigand attacks as you move away!
The kobold brigand completely misses you.
The kobold brigand throws a poisoned dart.
The poisoned dart misses you.
You barely miss the two-headed ogre.
The two-headed ogre is severely wounded.
The two-headed ogre hits you with a +0 giant club!
You die...

###.......#
#........##
##.......## #
#.....#..## ..
##...###..###
.# ##..#
##...## #..
#..#
##...####..#
#..#
##.......#
#@##
#.......###
##O#
#....###..#.
#.K#
#...####.....
#..#
#...###.......
#..#....#
#........
#.)....#
#...)....
#.....##
##........
.....##
#.........
.......
#.......#.


You could see a two-headed ogre and a kobold brigand.

Vanquished Creatures
  Pikel (D:4)
  A kobold demonologist (D:8)
  A hornet (D:6)
  4 yaks (D:8)
  2 steam dragons
  2 ice beasts (D:7)
  2 sky beasts
  An orc warrior (D:8)
  4 ogres
  A black bear (D:6)
  3 centaurs
  A lemure (D:4)
  A phantom (D:5)
  5 kobold brigands
  A gnoll sergeant (D:5)
  A bullfrog (D:6)
  A necrophage (D:5)
  3 scorpions
  3 wights (D:6)
  2 howler monkeys (D:8)
  7 crimson imps (D:8)
  3 orc priests
  2 jellies
  4 hounds
  An iguana (D:5)
  Natasha (twice) (D:2)
  7 orc wizards
  15 gnolls
  3 adders
  5 white imps
  A dart slug (D:3)
  27 orcs
  7 bats
  7 endoplasms
  3 giant cockroaches
  4 goblins
  5 hobgoblins
  7 jackals
  19 kobolds
  3 quokkas (D:2)
  8 ball pythons
  10 frilled lizards
  7 rats
197 creatures vanquished.

Vanquished Creatures (others)
  An orc wizard (D:7)
  A plant (D:5)
2 creatures vanquished.

Grand Total: 199 creatures vanquished

Notes
Turn   | Place    | Note
-------+----------+-------------------------------------------
     0 | D:1      | qw the Troll Cinder Acolyte began the quest for the Orb.
     0 | D:1      | Reached XP level 1. HP: 22/22 MP: 1/1
     0 | D:1      | 0 ||| qw: Version: 0.1-a-97-g2dd2ca4
     0 | D:1      | 0 ||| qw: Game counter: 4626
     0 | D:1      | 0 ||| qw: Always use a shield: true
     0 | D:1      | 0 ||| qw: God list: Okawaru
     0 | D:1      | 0 ||| qw: Allow faded altars: false
     0 | D:1      | 0 ||| qw: Do Orc after D:15 true
     0 | D:1      | 0 ||| qw: Do second Lair branch before Depths: true
     0 | D:1      | 0 ||| qw: Lair rune preference: random
     0 | D:1      | 0 ||| qw: Plans: Normal
     0 | D:1      | 0 ||| PLANNING D:1-11
   303 | D:1      | Reached XP level 2. HP: 29/29 MP: 2/2
   718 | D:1      | 718 ||| READING scroll labelled QUROGI FUYME.
   722 | D:1      | 722 ||| READING 2 scrolls labelled DOEDUERABB.
   723 | D:1      | 723 ||| READING scroll labelled JUEZON IWE.
   789 | D:2      | Found a faded altar of an unknown god.
   789 | D:2      | Noticed Natasha
   790 | D:2      | 790 ||| Stepping ~*~*~tactically~*~*~ (hiding).
   800 | D:2      | 800 ||| INVOKING Fiery Armour.
   800 | D:2      | Killed Natasha
   801 | D:2      | Reached skill level 4 in Unarmed Combat
   801 | D:2      | Reached XP level 3. HP: 11/36 MP: 3/3
   868 | D:2      | Noticed Natasha
   869 | D:2      | 869 ||| Stepping ~*~*~tactically~*~*~ (hiding).
   876 | D:2      | Killed Natasha
   877 | D:2      | Reached skill level 5 in Unarmed Combat
   877 | D:2      | Reached XP level 4. HP: 34/44 MP: 4/4
   947 | D:2      | 947 ||| INVOKING Fiery Armour.
  1199 | D:2      | 1199 ||| Stepping ~*~*~tactically~*~*~ (stealth).
  1209 | D:2      | 1209 ||| Stepping ~*~*~tactically~*~*~ (stealth).
  1214 | D:2      | 1214 ||| Stepping ~*~*~tactically~*~*~ (outnumbered).
  1215 | D:2      | 1215 ||| Stepping ~*~*~tactically~*~*~ (outnumbered).
  1216 | D:2      | 1216 ||| Stepping ~*~*~tactically~*~*~ (outnumbered).
  1217 | D:2      | 1217 ||| Stepping ~*~*~tactically~*~*~ (outnumbered).
  1249 | D:2      | 1249 ||| Stepping ~*~*~tactically~*~*~ (stealth).
  1250 | D:2      | 1250 ||| Stepping ~*~*~tactically~*~*~ (stealth).
  1363 | D:2      | 1363 ||| Stepping ~*~*~tactically~*~*~ (stealth).
  1364 | D:2      | 1364 ||| Stepping ~*~*~tactically~*~*~ (stealth).
  1616 | D:2      | 1616 ||| READING 2 scrolls of identify.
  1616 | D:2      | 1616 ||| IDENTIFYING fuming sapphire potion
  1617 | D:2      | 1617 ||| DROPPING potion of ambrosia.
  1799 | D:3      | 1799 ||| Stepping ~*~*~tactically~*~*~ (stealth).
  1804 | D:3      | Reached XP level 5. HP: 49/50 MP: 5/5
  1804 | D:3      | 1804 ||| Stepping ~*~*~tactically~*~*~ (hiding).
  1805 | D:3      | 1805 ||| Stepping ~*~*~tactically~*~*~ (hiding).
  1808 | D:3      | 1808 ||| Stepping ~*~*~tactically~*~*~ (hiding).
  1824 | D:3      | 1824 ||| FLEEEEING.
  1825 | D:3      | 1825 ||| FLEEEEING.
  1826 | D:3      | 1826 ||| FLEEEEING.
  1827 | D:3      | 1827 ||| FLEEEEING.
  1828 | D:3      | 1828 ||| FLEEEEING.
  1829 | D:3      | 1829 ||| FLEEEEING.
  1830 | D:3      | 1830 ||| FLEEEEING.
  1831 | D:3      | 1831 ||| FLEEEEING.
  1832 | D:3      | 1832 ||| STAIRDANCE
  1839 | D:2      | 1839 ||| UPGRADING to amulet of the acrobat.
  1847 | D:3      | 1847 ||| STAIRDANCE
  1853 | D:2      | 1853 ||| INVOKING Fiery Armour.
  1855 | D:2      | Reached skill level 6 in Unarmed Combat
  1970 | D:3      | Found an iron altar of Okawaru.
  2002 | D:3      | 2002 ||| Stepping ~*~*~tactically~*~*~ (hiding).
  2512 | D:3      | Found a runed translucent door.
  2513 | D:3      | Noticed Crazy Yiuf
  2516 | D:3      | 2516 ||| READING scroll labelled ROANWO YM NYA.
  2578 | D:4      | 2578 ||| INVOKING Fiery Armour.
  2583 | D:4      | Noticed a lemure
  2587 | D:4      | Killed a lemure
  2588 | D:4      | Noticed Pikel
  2589 | D:4      | Noticed a lemure
  2592 | D:4      | 2592 ||| Stepping ~*~*~tactically~*~*~ (stealth).
  2592 | D:4      | Noticed a lemure
  2596 | D:4      | Noticed a lemure
  2599 | D:4      | 2599 ||| Stepping ~*~*~tactically~*~*~ (outnumbered).
  2602 | D:4      | Killed Pikel
  2603 | D:4      | Reached skill level 8 in Unarmed Combat
  2603 | D:4      | Reached XP level 6. HP: 59/59 MP: 6/6
  2603 | D:4      | Reached XP level 7. HP: 66/66 MP: 7/7
  2666 | D:4      | Reached skill level 3 in Fighting
  2711 | D:4      | Reached skill level 9 in Unarmed Combat
  2713 | D:4      | 2713 ||| Stepping ~*~*~tactically~*~*~ (stealth).
  2757 | D:4      | 2757 ||| Stepping ~*~*~tactically~*~*~ (stealth).
  2761 | D:4      | 2761 ||| Stepping ~*~*~tactically~*~*~ (stealth).
  2762 | D:4      | 2762 ||| Stepping ~*~*~tactically~*~*~ (stealth).
  2821 | D:4      | Reached skill level 1 in Dodging
  2844 | D:4      | 2844 ||| Stepping ~*~*~tactically~*~*~ (outnumbered).
  2845 | D:4      | 2845 ||| Stepping ~*~*~tactically~*~*~ (outnumbered).
  2911 | D:4      | 2911 ||| Stepping ~*~*~tactically~*~*~ (hiding).
  3178 | D:4      | 3178 ||| Stepping ~*~*~tactically~*~*~ (stealth).
  3400 | D:4      | 3400 ||| READING scroll labelled ZYRULI YJAZ.
  3401 | D:4      | 3401 ||| READING scroll labelled POYHUMO AH NASH.
  3402 | D:4      | 3402 ||| DRINKING 2 white potions.
  3403 | D:4      | 3403 ||| READING 3 scrolls of identify.
  3403 | D:4      | 3403 ||| IDENTIFYING glowing red potion
  3404 | D:4      | 3404 ||| READING 2 scrolls of identify.
  3404 | D:4      | 3404 ||| IDENTIFYING dark potion
  3405 | D:4      | 3405 ||| DROPPING potion of lignification.
  3406 | D:4      | 3406 ||| DROPPING potion of attraction.
  3407 | D:4      | 3407 ||| READING 3 scrolls of teleportation.
  3427 | D:5      | Entered Level 5 of the Dungeon
  3436 | D:5      | Found a stormy altar of Qazlal.
  3445 | D:5      | 3445 ||| Stepping ~*~*~tactically~*~*~ (outnumbered).
  3457 | D:5      | HP: 14/67 [ogre/+0 giant spiked club (25)]
  3458 | D:5      | 3458 ||| READING 2 scrolls of teleportation.
  3459 | D:5      | 3459 ||| INVOKING Fiery Armour.
  3459 | D:5      | HP: 4/67 [ogre/+0 giant spiked club (12)]
  3461 | D:5      | Reached XP level 8. HP: 5/75 MP: 8/8
  3461 | D:5      | Found a staircase to the Ecumenical Temple.
  3465 | D:5      | 3465 ||| READING scroll of teleportation.
  3466 | D:5      | 3466 ||| Stepping ~*~*~tactically~*~*~ (outnumbered).
  3467 | D:5      | 3467 ||| Stepping ~*~*~tactically~*~*~ (outnumbered).
  3622 | D:5      | Reached skill level 10 in Unarmed Combat
  3636 | D:5      | 3636 ||| Stepping ~*~*~tactically~*~*~ (stealth).
  3657 | D:5      | 3657 ||| Stepping ~*~*~tactically~*~*~ (stealth).
  3704 | D:5      | 3704 ||| Stepping ~*~*~tactically~*~*~ (stealth).
  3814 | D:5      | Identified the +1 ring mail "Jogo" {Harm Int+3 Slay-6
                  | Stlth+}
  3844 | D:5      | Found a sparkling altar of Nemelex Xobeh.
  3845 | D:5      | Found a shadowy altar of Dithmenos.
  3875 | D:5      | 3875 ||| Stepping ~*~*~tactically~*~*~ (hiding).
  3880 | D:5      | 3880 ||| Stepping ~*~*~tactically~*~*~ (outnumbered).
  3882 | D:5      | 3882 ||| Stepping ~*~*~tactically~*~*~ (outnumbered).
  3887 | D:5      | Reached skill level 1 in Throwing
  3919 | D:5      | Found a sacrificial altar of Ru.
  4047 | D:5      | 4047 ||| READING scroll labelled WEANENW GEIBO.
  4048 | D:5      | 4048 ||| READING 2 scrolls of identify.
  4048 | D:5      | 4048 ||| IDENTIFYING bubbling inky potion
  4049 | D:5      | 4049 ||| DROPPING potion of magic.
  4068 | D:6      | Found Icsuavva's Book Shop.
  4150 | D:6      | 4150 ||| INVOKING Fiery Armour.
  4151 | D:6      | 4151 ||| Stepping ~*~*~tactically~*~*~ (outnumbered).
  4157 | D:6      | 4157 ||| Stepping ~*~*~tactically~*~*~ (outnumbered).
  4317 | D:6      | 4317 ||| Stepping ~*~*~tactically~*~*~ (stealth).
  4321 | D:6      | 4321 ||| Stepping ~*~*~tactically~*~*~ (stealth).
  4322 | D:6      | Noticed a hornet
  4326 | D:6      | 4326 ||| INVOKING Fiery Armour.
  4332 | D:6      | Paralysed by a hornet for 2 turns
  4336 | D:6      | Paralysed by a hornet for 1 turns
  4340 | D:6      | Paralysed by a hornet for 1 turns
  4340 | D:6      | Killed a hornet
  4341 | D:6      | Reached XP level 9. HP: 42/84 MP: 9/9
  4443 | D:6      | Reached skill level 11 in Unarmed Combat
  4449 | D:6      | Reached skill level 3 in Throwing
  4544 | D:6      | 4544 ||| Stepping ~*~*~tactically~*~*~ (hiding).
  4667 | D:6      | Identified the +3 sling "Raforil" {freeze, rF+ rN+ MP-9
                  | Int+2}
  4732 | D:6      | 4732 ||| INVOKING Fiery Armour.
  5118 | D:6      | 5118 ||| READING scroll labelled WOUSAHUETHE.
  5119 | D:6      | 5119 ||| DRINKING 2 inky potions.
  5120 | D:6      | 5120 ||| DRINKING 2 fuming inky potions.
  5138 | D:7      | 5138 ||| Stepping ~*~*~tactically~*~*~ (stealth).
  5147 | D:7      | 5147 ||| Stepping ~*~*~tactically~*~*~ (outnumbered).
  5149 | D:7      | 5149 ||| Stepping ~*~*~tactically~*~*~ (outnumbered).
  5240 | D:7      | Found a white marble altar of Elyvilon.
  5262 | D:7      | Identified the +7 lajatang "Uliucenn" {elec, rC- rCorr MP+9
                  | Int+4 SInv Stlth+}
  5266 | D:7      | 5266 ||| INVOKING Fiery Armour.
  5408 | D:7      | Reached skill level 12 in Unarmed Combat
  5449 | D:7      | 5449 ||| Stepping ~*~*~tactically~*~*~ (hiding).
  5450 | D:7      | 5450 ||| Stepping ~*~*~tactically~*~*~ (hiding).
  5468 | D:7      | 5468 ||| INVOKING Fiery Armour.
  5476 | D:7      | 5476 ||| FLEEEEING.
  5479 | D:7      | 5479 ||| FLEEEEING.
  5480 | D:7      | 5480 ||| FLEEEEING.
  5481 | D:7      | 5481 ||| FLEEEEING.
  5482 | D:7      | 5482 ||| FLEEEEING.
  5483 | D:7      | 5483 ||| FLEEEEING.
  5484 | D:7      | 5484 ||| FLEEEEING.
  5485 | D:7      | 5485 ||| FLEEEEING.
  5486 | D:7      | 5486 ||| FLEEEEING.
  5487 | D:7      | 5487 ||| FLEEEEING.
  5488 | D:7      | 5488 ||| FLEEEEING.
  5489 | D:7      | 5489 ||| FLEEEEING.
  5490 | D:7      | 5490 ||| FLEEEEING.
  5491 | D:7      | 5491 ||| FLEEEEING.
  5492 | D:7      | 5492 ||| FLEEEEING.
  5493 | D:7      | 5493 ||| FLEEEEING.
  5494 | D:7      | 5494 ||| FLEEEEING.
  5495 | D:7      | 5495 ||| FLEEEEING.
  5496 | D:7      | 5496 ||| FLEEEEING.
  5497 | D:7      | 5497 ||| STAIRDANCE
  5535 | D:7      | 5535 ||| STAIRDANCE
  5734 | D:7      | 5734 ||| DRINKING 3 fizzy grey potions.
  5788 | D:8      | 5788 ||| Stepping ~*~*~tactically~*~*~ (stealth).
  5791 | D:8      | 5791 ||| Stepping ~*~*~tactically~*~*~ (stealth).
  5806 | D:8      | 5806 ||| Stepping ~*~*~tactically~*~*~ (outnumbered).
  5808 | D:8      | 5808 ||| Stepping ~*~*~tactically~*~*~ (outnumbered).
  5809 | D:8      | 5809 ||| Stepping ~*~*~tactically~*~*~ (outnumbered).
  5815 | D:8      | 5815 ||| INVOKING Fiery Armour.
  5840 | D:8      | 5840 ||| Stepping ~*~*~tactically~*~*~ (stealth).
  5874 | D:8      | 5874 ||| Stepping ~*~*~tactically~*~*~ (stealth).
  5879 | D:8      | 5879 ||| Stepping ~*~*~tactically~*~*~ (stealth).
  5881 | D:8      | 5881 ||| Stepping ~*~*~tactically~*~*~ (hiding).
  5892 | D:8      | 5892 ||| Stepping ~*~*~tactically~*~*~ (outnumbered).
  5896 | D:8      | 5896 ||| Stepping ~*~*~tactically~*~*~ (outnumbered).
  5899 | D:8      | 5899 ||| Stepping ~*~*~tactically~*~*~ (outnumbered).
  5900 | D:8      | 5900 ||| Stepping ~*~*~tactically~*~*~ (outnumbered).
  5901 | D:8      | 5901 ||| Stepping ~*~*~tactically~*~*~ (outnumbered).
  5902 | D:8      | 5902 ||| STAIRDANCE
  5935 | D:7      | 5935 ||| UPGRADING to +0 cloak.
  5940 | D:7      | 5940 ||| READING scroll of enchant armour.
  5940 | D:7      | 5940 ||| ENCHANTING +0 cloak.
  5941 | D:7      | 5941 ||| READING scroll labelled SUGGUT WIRINYCS.
  5963 | D:8      | 5963 ||| Stepping ~*~*~tactically~*~*~ (stealth).
  5969 | D:8      | Found the +7 staff of the Meek {protect, meekguard}
  5970 | D:8      | 5970 ||| Stepping ~*~*~tactically~*~*~ (stealth).
  6036 | D:8      | 6036 ||| Stepping ~*~*~tactically~*~*~ (outnumbered).
  6037 | D:8      | 6037 ||| Stepping ~*~*~tactically~*~*~ (outnumbered).
  6038 | D:8      | 6038 ||| Stepping ~*~*~tactically~*~*~ (outnumbered).
  6039 | D:8      | 6039 ||| Stepping ~*~*~tactically~*~*~ (outnumbered).
  6040 | D:8      | 6040 ||| Stepping ~*~*~tactically~*~*~ (outnumbered).
  6041 | D:8      | 6041 ||| Stepping ~*~*~tactically~*~*~ (outnumbered).
  6042 | D:8      | 6042 ||| Stepping ~*~*~tactically~*~*~ (outnumbered).
  6043 | D:8      | 6043 ||| Stepping ~*~*~tactically~*~*~ (outnumbered).
  6044 | D:8      | 6044 ||| Stepping ~*~*~tactically~*~*~ (outnumbered).
  6047 | D:8      | 6047 ||| Stepping ~*~*~tactically~*~*~ (outnumbered).
  6048 | D:8      | 6048 ||| Stepping ~*~*~tactically~*~*~ (outnumbered).
  6050 | D:8      | Reached skill level 13 in Unarmed Combat
  6050 | D:8      | Reached XP level 10. HP: 84/96 MP: 10/10
  6056 | D:8      | Reached skill level 1 in Armour
  6057 | D:8      | 6057 ||| Stepping ~*~*~tactically~*~*~ (outnumbered).
  6124 | D:8      | 6124 ||| Stepping ~*~*~tactically~*~*~ (stealth).
  6142 | D:8      | Noticed a two-headed ogre
  6143 | D:8      | 6143 ||| Stepping ~*~*~tactically~*~*~ (stealth).
  6148 | D:8      | 6148 ||| Stepping ~*~*~tactically~*~*~ (stealth).
  6154 | D:8      | 6154 ||| INVOKING Fiery Armour.
  6154 | D:8      | HP: 10/96 [two-headed ogre/+0 giant club (22)]
  6155 | D:8      | 6155 ||| READING 3 scrolls of teleportation.
  6156 | D:8      | 6156 ||| DRINKING 2 potions of heal wounds.
  6157 | D:8      | 6157 ||| DRINKING potion of heal wounds.
  6158 | D:8      | 6158 ||| Stepping ~*~*~tactically~*~*~ (outnumbered).
  6160 | D:8      | 6160 ||| READING 2 scrolls of teleportation.
  6357 | D:8      | 6357 ||| Stepping ~*~*~tactically~*~*~ (outnumbered).
  6358 | D:8      | 6358 ||| Stepping ~*~*~tactically~*~*~ (outnumbered).
  6359 | D:8      | 6359 ||| FLEEEEING.
  6360 | D:8      | 6360 ||| FLEEEEING.
  6361 | D:8      | 6361 ||| FLEEEEING.
  6463 | D:8      | 6463 ||| Stepping ~*~*~tactically~*~*~ (stealth).
  6464 | D:8      | 6464 ||| Stepping ~*~*~tactically~*~*~ (stealth).
  6466 | D:8      | 6466 ||| Stepping ~*~*~tactically~*~*~ (stealth).
  6550 | D:8      | 6550 ||| INVOKING Fiery Armour.
  6551 | D:8      | 6551 ||| Stepping ~*~*~tactically~*~*~ (outnumbered).
  6552 | D:8      | 6552 ||| Stepping ~*~*~tactically~*~*~ (outnumbered).
  6553 | D:8      | HP: 10/96 [two-headed ogre/+0 giant club (18)]
  6554 | D:8      | 6554 ||| READING scroll of teleportation.
  6554 | D:8      | HP: 3/96 [kobold brigand/+0 short sword (4)]
  6555 | D:8      | 6555 ||| Stepping ~*~*~tactically~*~*~ (outnumbered).
  6556 | D:8      | 6556 ||| Stepping ~*~*~tactically~*~*~ (outnumbered).
  6558 | D:8      | Mangled by a two-headed ogre

Levels and vault maps discovered:
D:1:      lemuel_arrival_hallway, layout_loops_ring, st_stairs_4
D:2:      layout_basic, hellmonk_ecumenical_altar_heavens_door,
          minmay_lizard_pond, uniq_natasha
D:3:      layout_loops_ring, lemuel_round_altar, minmay_misc_feat_x,
          uniq_crazy_yiuf_cottage
D:4:      layout_basic, hangedman_decor_growths, uniq_pikel
D:5:      layout_rooms, pf_just_have_faith, nicolae_qazlal_general_emergency,
          gammafunk_temple_overflow_wave, minmay_temple_entry_tees
D:6:      layout_loops_corners, serial_shops, shop
D:7:      layout_rooms, mainiacjoe_overflow_paths
D:8:      layout_cave_pods, serial_glass, glass_columns_a, glass_columns_c,
          special_room [special_room_kobold], minmay_nine_imps

Skill      XL: |  1  2  3  4  5  6  7  8  9 10 |
---------------+-------------------------------+-----
Unarmed Combat | 4 5 8 9 10 13 | 13.7
Fighting       | 3 4 5 |  5.0
Dodging        | 1 |  1.2
Throwing       | 2 3 |  3.2
Armour         | 1 |  1.1
Spellcasting   | |  1.0
Fire Magic     | |  2.1

Action                   |  1- 3 |  4- 6 |  7- 9 | 10-12 || total
-------------------------+-------+-------+-------+-------++-------
Melee: Unarmed           |    64 |   110 |   282 |    52 ||   508
       Punch             |       |     6 |     7 |     5 ||    18
Throw: Javelin           |       |       |    17 |    10 ||    27
       Boomerang         |       |       |     1 |    13 ||    14
Invok: Fiery Armour      |     1 |     3 |     7 |     2 ||    13
  Use: Scroll            |     3 |     2 |    12 |     3 ||    20
       Potion            |       |       |     4 |     2 ||     6
Armor: Robe              |    25 |    27 |    87 |     7 ||   146
Dodge: Dodged            |    15 |    40 |   155 |    39 ||   249

Table legend:
 A = Non-vault XP
 B = Vault XP
 C = Vault XP percentage of total XP
 D = Non-vault monster count
 E = Vault monster count
 F = Vault count percentage of total count
                 A         B        C        D         E       F
            +---------+---------+-------+---------+---------+-------
      Total |    5442 |    1733 |  24.2 |     168 |      28 |  14.3
            +---------+---------+-------+---------+---------+-------
        D:1 |      21 |       2 |   8.7 |      13 |       2 |  13.3
        D:2 |     130 |      42 |  24.4 |      25 |       7 |  21.9
        D:3 |      58 |       0 |   0.0 |      15 |       0 |   0.0
        D:4 |     493 |     673 |  57.7 |      28 |       1 |   3.4
        D:5 |     733 |       0 |   0.0 |      20 |       0 |   0.0
        D:6 |    1438 |       0 |   0.0 |      27 |       0 |   0.0
        D:7 |     984 |       0 |   0.0 |      18 |       0 |   0.0
        D:8 |    1585 |    1016 |  39.1 |      22 |      18 |  45.0
            +---------+---------+-------+---------+---------+-------
